 Dungeon Crawl Stone Soup version 0.17-a0-1954-g0dddeaa (webtiles) character file.

84 Gorice the Skirmisher (level 4, -1/38 HPs)
             Began as a Mummy Wanderer on Oct 3, 2015.
             Killed by divine providence
             ... invoked by an orc priest
              (9 damage)
             ... on level 3 of the Dungeon.
             The game lasted 00:09:01 (2048 turns).

Gorice the Skirmisher (Mummy Wanderer)              Turns: 2048, Time: 00:09:01

Health: -1/38      AC:  9    Str: 14    XL:     4   Next: 23%
Magic:  4/4        EV: 12    Int: 12    God:
Gold:   137        SH:  0    Dex: 12    Spells: 0 memorised, 3 levels left

rFire  . . .     SeeInvis .     a - +0 dagger
rCold  + . .     Clarity  .     o - +3 scale mail
rNeg   + + +     SustAt   .     (no shield)
rPois  ∞         Gourm    .     (no helmet)
rElec  .         Spirit   .     (no cloak)
rCorr  .         Warding  .     (no gloves)
rMut   .         Stasis   .     (no boots)
MR     .....                    (no amulet)
Stlth  +.........               x - +3 ring of evasion
                                m - ring of protection from fire

@: not resistant to hostile enchantments, very unstealthy
A: no food or potions, fire vulnerability, cold resistance 1, negative energy
resistance 3, torment resistance, unbreathing
a: no special abilities


You were on level 3 of the Dungeon.
You were not hungry.

You visited 1 branch of the dungeon, and saw 3 of its levels.

You collected 137 gold pieces.

Inventory:

Hand weapons
 a - a +0 dagger (weapon)
 b - a +0 shortbow
 f - a +0 whip
 i - a +0 short sword
 p - a +0 hand axe
Missiles
 d - 12 arrows
 e - 11 poisoned needles
 j - 10 arrows of frost
 k - 6 tomahawks (quivered)
 v - 4 curare-tipped needles
 Y - 2 throwing nets
 Z - 74 stones
Armour
 o - a +3 scale mail (worn)
Jewellery
 m - a ring of protection from fire (left hand)
 r - a +5 ring of intelligence
 s - an uncursed ring of fire
 x - a +3 ring of evasion (right hand)
Scrolls
 c - a scroll of teleportation {!r}
 g - a scroll of recharging {unknown}
 h - 2 scrolls of immolation {!r}
 l - a scroll of remove curse {unknown}
 n - a scroll of enchant weapon {unknown}
 q - a scroll of blinking {unknown}
 t - a scroll of random uselessness {unknown}
 u - a scroll of enchant armour {unknown}
 w - a scroll of identify {unknown}


   Skills:
 * Level 4.5 Fighting
 - Level 1.0 Bows
 - Level 1.5 Armour
 - Level 1.0 Dodging
 - Level 2.4 Stealth
   Level 1.0 Shields


You had 3 spell levels left.
You didn't know any spells.

Dungeon Overview and Level Annotations

Branches:
Dungeon (3/15)

Altars:
Fedhas


Innate Abilities, Weirdness & Mutations

You do not eat or drink.
Your flesh is vulnerable to fire.
You are immune to poison.
Your flesh is cold resistant.
You are immune to negative energy.
You are immune to unholy pain and torment.
You can survive without breathing.


Message History

Firing (i - inventory. (,) - cycle):
d - 13 arrows (quivered)
Press: ? - help, Shift-Dir - straight line, f/p - orc wizard
Aim: an orc wizard, wielding a dagger and wearing a robe (moderately wounded)
You shoot an arrow. The orc wizard casts a spell.
The orc wizard flickers and vanishes!
Deactivating autopickup; reactivate with Ctrl-A.
Unknown command.
a - a +0 dagger (weapon)
You feel less confused. Something hits you but does no damage.
You hit something but do no damage. Something hits you but does no damage.
You hit something. Something hits you.
Damage: 3 (max 3)
You completely miss something. Something hits you but does no damage.
You miss something. Something hits you.
Damage: 1 (max 3)
You closely miss something. Something barely misses you.
You hit something. Something hits you but does no damage.
You miss something.
The orc wizard shouts!
Something hits you.
Damage: 1 (max 3)
You miss something.
The orc wizard points at you and mumbles some strange words.
The puff of flame hits something.
The orc priest shouts!
Something hits you.
You see here 3 arrows.
Damage: 1 (max 3)
The orc priest hits you with a flail.
Damage: 3 (max 3)
The orc wizard shouts!
Something barely misses you.
You see here 3 arrows.
The orc wizard mumbles some strange words.
The orc wizard flickers and vanishes!
The orc wizard gestures at you while chanting.
The orc priest calls down the wrath of Beogh upon you.
Something smites you!
You see here an arrow.
Damage: 11 (max 11) Unknown command.
The orc priest mumbles some strange prayers to Beogh against you.
Something smites you!
* * * LOW HITPOINT WARNING * * *
Damage: 10 (max 11)
The orc priest invokes the aid of Beogh against you.
Something smites you!
You die...

#.†#########
#..........#
###.#...#.#
#.#####.......#
#.............#
#######......##
#.#(..## #.#.###
#.#@# #.#.# #.#.#
#.#.# #.#.# #
##.#o#####.########
#...o(((........#.#
#........o........#
#.##.###.#.####.#.###


You could see an orc priest and an orc wizard.

Vanquished Creatures
  2 adders (D:2)
  An ooze (D:2)
  2 worms
  3 giant geckos (D:1)
  2 orcs
  A bat (D:1)
  5 goblins
  5 hobgoblins
  7 jackals
  2 ball pythons
  3 giant cockroaches
  2 giant newts
  6 kobolds
  7 rats
48 creatures vanquished.

Notes
Turn   | Place    | Note
--------------------------------------------------------------
     0 | D:1      | Gorice the Mummy Wanderer began the quest for the Orb.
     0 | D:1      | Gorice set off with: a +2 scale mail, a scroll of teleportation {!r}, a +0 shortbow, 26 arrows, a +0 dagger, a !bad item (cl:100,ty:0,pl:0,pl2:0,sp:0,qu:0), a !bad item (cl:100,ty:0,pl:0,pl2:0,sp:0,qu:0), a !bad item (cl:100,ty:0,pl:0,pl2:0,sp:0,qu:0), a !bad item (cl:100,ty:0,pl:0,pl2:0,sp:0,qu:0), a !bad item (cl:100,ty:0,pl:0,pl2:0,sp:0,qu:0), a !bad item (cl:100,ty:0,pl:0,pl2:0,sp:0,qu:0), a !bad item (cl:100,ty:0,pl:0,pl2:0,sp:0,qu:0), a !bad item (cl:100,ty:0,pl:0,pl2:0,sp:0,qu:0), a !bad item (cl:100,ty:0,pl:0,pl2:0,sp:0,qu:0), a !bad item (cl:100,ty:0,pl:0,pl2:0,sp:0,qu:0), a !bad item (cl:100,ty:0,pl:0,pl2:0,sp:0,qu:0), a !bad item (cl:100,ty:0,pl:0,pl2:0,sp:0,qu:0), a !bad item (cl:100,ty:0,pl:0,pl2:0,sp:0,qu:0), a !bad item (cl:100,ty:0,pl:0,pl2:0,sp:0,qu:0), a !bad item (cl:100,ty:0,pl:0,pl2:0,sp:0,qu:0), a !bad item (cl:100,ty:0,pl:0,pl2:0,sp:0,qu:0), a !bad item (cl:100,ty:0,pl:0,pl2:0,sp:0,qu:0), a !bad item (cl:100,ty:0,pl:0,pl2:0,sp:0,qu:0), a !bad item (cl:100,ty:0,pl:0,pl2:0,sp:0,qu:0), a !bad item (cl:100,ty:0,pl:0,pl2:0,sp:0,qu:0), a !bad item (cl:100,ty:0,pl:0,pl2:0,sp:0,qu:0), a !bad item (cl:100,ty:0,pl:0,pl2:0,sp:0,qu:0), a !bad item (cl:100,ty:0,pl:0,pl2:0,sp:0,qu:0), a !bad item (cl:100,ty:0,pl:0,pl2:0,sp:0,qu:0), a !bad item (cl:100,ty:0,pl:0,pl2:0,sp:0,qu:0), a !bad item (cl:100,ty:0,pl:0,pl2:0,sp:0,qu:0), a !bad item (cl:100,ty:0,pl:0,pl2:0,sp:0,qu:0), a !bad item (cl:100,ty:0,pl:0,pl2:0,sp:0,qu:0), a !bad item (cl:100,ty:0,pl:0,pl2:0,sp:0,qu:0), a !bad item (cl:100,ty:0,pl:0,pl2:0,sp:0,qu:0), a !bad item (cl:100,ty:0,pl:0,pl2:0,sp:0,qu:0), a !bad item (cl:100,ty:0,pl:0,pl2:0,sp:0,qu:0), a !bad item (cl:100,ty:0,pl:0,pl2:0,sp:0,qu:0), a !bad item (cl:100,ty:0,pl:0,pl2:0,sp:0,qu:0), a !bad item (cl:100,ty:0,pl:0,pl2:0,sp:0,qu:0), a !bad item (cl:100,ty:0,pl:0,pl2:0,sp:0,qu:0), a !bad item (cl:100,ty:0,pl:0,pl2:0,sp:0,qu:0), a !bad item (cl:100,ty:0,pl:0,pl2:0,sp:0,qu:0), a !bad item (cl:100,ty:0,pl:0,pl2:0,sp:0,qu:0), a !bad item (cl:100,ty:0,pl:0,pl2:0,sp:0,qu:0), a !bad item (cl:100,ty:0,pl:0,pl2:0,sp:0,qu:0), a !bad item (cl:100,ty:0,pl:0,pl2:0,sp:0,qu:0), a !bad item (cl:100,ty:0,pl:0,pl2:0,sp:0,qu:0), a !bad item (cl:100,ty:0,pl:0,pl2:0,sp:0,qu:0), a !bad item (cl:100,ty:0,pl:0,pl2:0,sp:0,qu:0), a !bad item (cl:100,ty:0,pl:0,pl2:0,sp:0,qu:0), a !bad item (cl:100,ty:0,pl:0,pl2:0,sp:0,qu:0)
     0 | D:1      | Reached XP level 1. HP: 16/16 MP: 1/1
   212 | D:1      | Reached XP level 2. HP: 17/23 MP: 2/2
   471 | D:1      | Reached skill level 3 in Fighting
  1016 | D:2      | Reached XP level 3. HP: 29/29 MP: 3/3
  1233 | D:2      | Reached skill level 4 in Fighting
  1576 | D:3      | Reached XP level 4. HP: 30/37 MP: 4/4
  1953 | D:3      | Found a blossoming altar of Fedhas.
  2047 | D:3      | HP: 8/38 [orc priest/divine providence (10)]
  2048 | D:3      | Killed from afar by an orc priest

Vault maps used:
D:1:      eino_arrival_water_star, minmay_misc_feat_diagonals, minmay_surrounded
D:2:      first_bread, bh_walls_and_bars
D:3:      nicolae_overflow_hidden_temple, lemuel_crystal_altar,
          roderic_roman_lattice, tgw_xom

Action                   |  1- 3 |  4- 6 || total
-------------------------+-------+-------++-------
Melee: Dagger            |    18 |    47 ||    65
 Fire: Shortbow          |   128 |    38 ||   166
  Use: Scroll            |     1 |       ||     1

Table legend:
 A = Turns spent in this place as a percentage of turns spent in the entire game.
 B = Non-inter-level travel turns spent in this place as a percentage of non-inter-level travel turns spent in the entire game.
 C = Inter-level travel turns spent in this place as a percentage of turns spent in this place.
 D = Turns resting spent in this place as a percentage of non-inter-level travel turns spent in this place.
 E = Turns spent auto-exploring this place as a percentage of non-inter-level travel turns spent in this place.
 F = Non-inter-level travel turns spent in this place divided by the number of levels of this place that you've seen.
                   A       B       C       D       E      F
               +-------+-------+-------+-------+-------+----------------------
         Total | 100.0 | 100.0 |   0.3 |   0.4 |   4.6 | 302.0
       Dungeon | 100.0 | 100.0 |   0.3 |   0.4 |   4.6 | 302.0
               +-------+-------+-------+-------+-------+----------------------

Vault maps used:
D:1:      eino_arrival_water_star, minmay_misc_feat_diagonals, minmay_surrounded
D:2:      first_bread, bh_walls_and_bars
D:3:      nicolae_overflow_hidden_temple, lemuel_crystal_altar,
          roderic_roman_lattice, tgw_xom
